 Dungeon Crawl Stone Soup version 0.30.2 (webtiles) character file.

Game seed: 13095724034663251513

17 porpoise the Shooter (level 2, -1/23 HPs)
             Began as a Human Hunter on Apr 1, 2024.
             Slain by an adder (2 damage)
             ... on level 2 of the Dungeon.
             The game lasted 00:01:43 (568 turns).

porpoise the Shooter (Human Hunter)                  Turns: 568, Time: 00:01:44

Health: -1/23      AC:  3    Str:  8 (11) XL:     2   Next: 80%
Magic:  2/2        EV: 11    Int:  6 (9)  God:
Gold:   93         SH:  0    Dex: 14 (16) Spells: 1/1 levels left

rFire   . . .        a - +0 shortbow
rCold   . . .        (shield currently unavailable)
rNeg    . . .        c - +0 leather armour
rPois   .            (no helmet)
rElec   .            (no cloak)
rCorr   .            (no gloves)
SInv    .            (no boots)
Will    .....        (no amulet)
Stlth   +            (no ring)
HPRegen 0.23/turn    (no ring)
MPRegen 0.08/turn

%: no passive effects
@: lethally poisoned (-1 -> -5), flying
A: no striking features
a: no special abilities


You were on level 2 of the Dungeon.
You visited 1 branch of the dungeon, and saw 2 of its levels.

You collected 93 gold pieces.

Inventory:

Hand Weapons
 a - a +0 shortbow (weapon)
Missiles
 h - 6 poisoned darts
Armour
 c - a +0 leather armour (worn)
Scrolls
 b - a scroll of immolation
 d - a scroll of teleportation {unknown}
 e - a scroll of noise {unknown}
 i - a scroll of butterflies {unknown}
Potions
 f - a potion of degeneration


   Skills:
 + Level 2.3 Fighting
 * Level 4.5 Ranged Weapons
 - Level 2.0 Dodging
 - Level 1.0 Stealth


You had one spell level left.
You didn't know any spells.
Your spell library was empty.

Dungeon Overview and Level Annotations

Branches:
Dungeon (2/15)

Altars:

Shops:
D:1 (


Message History

The adder is moderately wounded.
The adder bites you but does no damage.
You shoot an arrow. The arrow misses the adder.
The adder bites you.
You are poisoned.
The adder poisons you!
A goblin comes into view. It is wielding a +0 dagger.
The adder bites you but does no damage.
You shoot an arrow. The arrow barely misses the adder.
The goblin shouts!
You feel very sick. The adder closely misses you. The adder bites you.
You shoot an arrow. The arrow misses the adder.
You feel sick. The adder bites you. x2
You shoot an arrow.
The arrow hits the adder but does no damage.
The adder is moderately wounded.
You feel sick. The adder barely misses you.
You are too injured to fight recklessly!
You shoot an arrow. The arrow hits the adder.
The adder is almost dead.
You feel sick. The adder bites you but does no damage. The adder bites you.
You are more poisoned.
The adder poisons you!
You shoot an arrow. The arrow closely misses the adder.
You feel sick. The adder bites you.
* * * LOW HITPOINT WARNING * * *
You are lethally poisoned!
The adder poisons you! The goblin hits you but does no damage.
The adder bites you but does no damage.
It was a potion of degeneration.
There was something very wrong with that liquid.
You feel weakened.
You feel dopey.
You feel clumsy.
* * * LOW HITPOINT WARNING * * *
You feel sick. The goblin barely misses you. The adder barely misses you.
It was a potion of flight.
You feel very buoyant.
You fly up into the air.
* * * LOW HITPOINT WARNING * * *
You feel sick. The adder bites you.
You die...

###.########..
#...†.@S......
#.#..##g.....#
#. .#...## #
.. ...# .#.
.#. .#.. .. ..
.. . ## .#.


You could see an adder and a goblin.

Vanquished Creatures
  2 bats
  2 endoplasms (D:1)
  A giant cockroach (D:1)
  A goblin (D:1)
  2 hobgoblins (D:1)
  2 kobolds (D:1)
  3 frilled lizards (D:1)
  4 rats (D:1)
17 creatures vanquished.

Notes
Turn   | Place    | Note
-------+----------+-------------------------------------------
     0 | D:1      | porpoise the Human Hunter began the quest for the Orb.
     0 | D:1      | Reached XP level 1. HP: 16/16 MP: 1/1
   135 | D:1      | Reached XP level 2. HP: 22/22 MP: 2/2
   166 | D:1      | Found Diunwou's Weapon Emporium.
   568 | D:2      | HP: 1/23 [poisoned by an adder]
   568 | D:2      | Slain by an adder

Illustrated notes

Levels and vault maps discovered:
D:1:      dpeg_arrival_stonehenge_12_columns, layout_loops_ring, serial_shops,
          shop
D:2:      layout_loops_cross

Action                     || total
---------------------------++-------
   Fire: Shortbow          ||    43
    Use: Potion            ||     2
 Armour: Leather armour    ||     8
  Dodge: Dodged            ||    14
